 Dungeon Crawl Stone Soup version 0.21.1-1-g345015f (webtiles) character file.

62 inc the Ducker (level 3, -2/16 HPs)
             Began as a Felid Ice Elementalist on June 16, 2018.
             Slain by a worm (9 damage)
             ... on level 2 of the Dungeon.
             The game lasted 00:02:22 (1611 turns).

inc the Ducker (Felid Ice Elementalist)             Turns: 1611, Time: 00:02:23

Health: -2/16      AC:  1    Str:  5 (6)  XL:     3   Next: 85%
Magic:  0/6        EV: 18    Int: 14 (16) God:
Gold:   107        SH:  0    Dex: 16 (17) Spells: 5/6 levels left
                                        Lives:  0   Deaths: 0

rFire    . . .     SeeInvis +     - Unarmed
rCold    . . .     Gourm    .   (shield unavailable)
rNeg     . . .     Faith    .   (armour unavailable)
rPois    .         Spirit   +   (helmet unavailable)
rElec    .         Reflect  .   (cloak unavailable)
rCorr    .         Harm     .   (gloves unavailable)
MR       .....                  (boots unavailable)
Stlth    +++.......             j - amulet of guardian spirit
HPRegen  0.05/turn              (no ring)
MPRegen  0.10/turn              (no ring)

@: quick
A: very small, no armour, no weapons or thrown items, stealth, claws 1, fangs 3,
see invisible, carnivore, speed 1, low mp 1, shaggy fur 1, slow metabolism 1,
strong 1, sharp paws
a: no special abilities


You were on level 2 of the Dungeon.
You were not hungry.

You visited 1 branch of the dungeon, and saw 2 of its levels.

You collected 107 gold pieces.

Inventory:

Jewellery
 j - an amulet of guardian spirit (around neck)
Scrolls
 d - 2 scrolls of teleportation {unknown}
 e - a scroll of remove curse {unknown}
 f - a scroll of enchant armour {unknown}
 g - 4 scrolls of identify {unknown}
 i - a scroll of blinking {unknown}
Potions
 c - a potion of flight {unknown}
 h - a potion of degeneration
Books
 a - a book of Frost

   Spells                             Type                      Level
   a - Freeze                         Ice                          1
   b - Throw Frost                    Conjuration/Ice              2
   c - Ozocubu's Armour               Charms/Ice                   3
   d - Throw Icicle                   Conjuration/Ice              4
   e - Summon Ice Beast               Ice/Summoning                4
Comestibles
 b - 3 rations


   Skills:
 - Level 2.2 Fighting
 - Level 3.1 Dodging
 - Level 2.6 Stealth
 + Level 2.2 Unarmed Combat
 - Level 2.0 Spellcasting
   Level 0.8 Conjurations
 - Level 2.7 Ice Magic


You had 5 spell levels left.
You knew the following spells:

 Your Spells              Type           Power        Failure   Level  Hunger
a - Freeze                Ice            #...         8%          1    ##.....


Dungeon Overview and Level Annotations

Branches:
Dungeon (2/15)

Altars:


Innate Abilities, Weirdness & Mutations

You cannot wear armour.
You are incapable of wielding weapons or throwing items.
Your paws allow you to move quietly. (Stealth)
You have sharp claws.
You have razor-sharp teeth.
You have supernaturally acute eyesight. (SInv)
You are carnivorous and can eat meat at any time.
You cover ground quickly.
You are covered in fur. (AC +1)
You have a slow metabolism.
Your sharp claws are effective at attacking unaware monsters.
Your magical capacity is low. (-10% MP)
Your muscles are strong. (Str +2)


Message History

Found a leather armour.
Found a ration.
A worm is nearby!
A worm is nearby!
A goblin comes into view. It is wielding a club.
You see here a leather armour.
Found 16 stones.
You scratch the worm.
The worm is lightly wounded.
The worm barely misses you.
You scratch the worm.
The worm is moderately wounded.
You completely miss the worm.
The worm is moderately wounded.
The worm bites you!
You scratch the worm.
The worm is moderately wounded.
The worm bites you!
Ouch! That really hurt!
You die...

..######### #.#.....%..
#.#w....... #.#@...g...
#.#........ .#
#.#........ .#
#.#........ .#
#######.#[.......
.#######............####
.............#.####.#
..#..........#.# (#
.†.)##########.# .#


You could see a worm and a goblin.

Vanquished Creatures
  3 adders (D:2)
  A dart slug (D:1)
  A leopard gecko (D:2)
  7 bats
  2 giant cockroaches
  A goblin (D:2)
  6 hobgoblins
  2 kobolds
  5 frilled lizards
  4 rats
32 creatures vanquished.

Notes
Turn   | Place    | Note
-------+----------+-------------------------------------------
     0 | D:1      | inc the Felid Ice Elementalist began the quest for the Orb.
     0 | D:1      | Reached XP level 1. HP: 7/7 MP: 4/4
    63 | D:1      | Reached skill level 3 in Dodging
   219 | D:1      | Reached skill level 1 in Fighting
   285 | D:1      | Reached XP level 2. HP: 12/12 MP: 3/6
  1282 | D:2      | Reached skill level 1 in Unarmed Combat
  1282 | D:2      | Reached XP level 3. HP: 14/16 MP: 3/7
  1379 | D:2      | Gained mutation: Your magical capacity is low. (-10% MP) [potion of mutation]
  1379 | D:2      | Gained mutation: You are dopey. (Int -2) [potion of mutation]
  1379 | D:2      | Gained mutation: Your muscles are strong. (Str +2) [potion of mutation]
  1379 | D:2      | Lost mutation: You are dopey. (Int -2) [potion of mutation]
  1611 | D:2      | Slain by a worm

Skill      XL: |  1  2  3 |
---------------+----------+-----
Dodging        | 3 |  3.1
Fighting       | 1 2 |  2.2
Unarmed Combat | 1 2 |  2.2
Stealth        | |  2.6
Spellcasting   | |  2.0
Conjurations   | |  0.8
Ice Magic      | |  2.7

Action                   || total
-------------------------++-------
Melee: Unarmed           ||    46
       Bite              ||     3
 Cast: Freeze            ||    31
  Use: Potion            ||     3
 Stab: Sleeping          ||    11
  Eat: Chunk             ||     1
Armor: Skin              ||     4
Dodge: Dodged            ||    61
